 Dungeon Crawl Stone Soup version 0.31-a0-1591-g515db51633 (webtiles) character file.

Game seed: 12653103746561818713

9 James the Ducker (level 2, -4/16 HPs)
             Began as a Spriggan Fighter on Jan 6, 2024.
             Slain by a hobgoblin (5 damage)
             ... on level 1 of the Dungeon.
             The game lasted 00:00:40 (181 turns).

James the Ducker (Spriggan Fighter)                  Turns: 181, Time: 00:00:41

Health: -4/16      AC:  2    Str: 12    XL:     2   Next: 6%
Magic:  3/3        EV: 15    Int:  9    God:
Gold:   12         SH:  0    Dex: 14    Spells: 1/1 levels left

rFire   . . .        a - +0 rapier
rCold   . . .        (no shield)
rNeg    . . .        b - +0 robe
rPois   .            (helmet restricted)
rElec   .            (no cloak)
rCorr   .            (gloves unavailable)
SInv    +            (boots unavailable)
Will    .....        (no amulet)
Stlth   +            (no ring)
HPRegen 0.22/turn    (no ring)
MPRegen 0.08/turn

%: no passive effects
@: constricted, very quick
A: very small, no large weapons, unfitting armour, see invisible, speed 3
a: no special abilities


You were on level 1 of the Dungeon.
You visited 1 branch of the dungeon, and saw 1 of its levels.

You collected 12 gold pieces.

Inventory:

Hand Weapons
 a - a +0 rapier (weapon)
 f - a +0 spear
   (You found it on level 1 of the Dungeon)
Missiles
 e - 3 stones
Armour
 b - a +0 robe (worn)
 c - a +0 buckler
Potions
 d - a potion of might


   Skills:
 - Level 2.4 Fighting
 + Level 3.1 Short Blades
 - Level 4.0 Dodging
 - Level 2.1 Shields


You had one spell level left.
You didn't know any spells.
Your spell library was empty.

Dungeon Overview and Level Annotations

Branches:
Dungeon (1/15)

Altars:


Innate Abilities, Weirdness & Mutations

You are very small and have problems with some larger weapons.
You are too small for most types of armour.
You have supernaturally acute eyesight. (SInv)
You cover ground extremely quickly. (Speed+++)


Message History

There is an open door here.
You now have 12 gold pieces.
Found a bubbling white potion and a book of the Tundra.
Found a scale mail.
An endoplasm comes into view.
Found a dagger.
Found 3 gold pieces.
Found a stone staircase leading down.
The hobgoblin shouts!
A frilled lizard comes into view.
A quokka comes into view.
The endoplasm quivers.
The frilled lizard hisses angrily.
You hit the quokka. The quokka closely misses you.
The hobgoblin closely misses you. The quokka completely misses you.
You closely miss the quokka. The hobgoblin closely misses you.
The quokka bites you.
A ball python comes into view.
The ball python hisses angrily.
You hit the quokka. The hobgoblin misses you. The quokka closely misses you.
You closely miss the quokka. The hobgoblin barely misses you.
The quokka completely misses you.
You hit the quokka but do no damage. The quokka bites you.
The endoplasm closely misses you. The hobgoblin completely misses you.
You barely miss the quokka. The quokka closely misses you.
The endoplasm freezes you.
You are frozen.
* * * LOW HITPOINT WARNING * * *
The hobgoblin completely misses you. The quokka misses you.
You hit the quokka but do no damage. The endoplasm barely misses you.
The hobgoblin closely misses you. The quokka closely misses you.
Unknown command.
You closely miss the quokka. The endoplasm completely misses you.
The hobgoblin misses you. The frilled lizard closely misses you.
The quokka barely misses you. The ball python misses you.
The ball python completely misses you.
Unknown command.
You hit the quokka but do no damage. The endoplasm barely misses you.
The hobgoblin barely misses you. The frilled lizard bites you.
* * * LOW HITPOINT WARNING * * *
The quokka bites you.
* * * LOW HITPOINT WARNING * * *
The ball python completely misses you. The ball python grabs you.
The ball python constricts you.
* * * LOW HITPOINT WARNING * * *
You hit the quokka.
You kill the quokka!
The frilled lizard bites you.
* * * LOW HITPOINT WARNING * * *
The endoplasm misses you. The hobgoblin hits you.
You die...

##. ###..#.........
#.#..##....+.#####...
#...[......#.........
...........#8#8#8#8#.
.....##....########8.
.....##...........##.
.###.##.......##..#8.
###.###†##......####.##)
......S@##.......##..#8.
....).gJl............###
........................
............##..........
..>..[.....###.....†....
......!.............†...
............##..........
........:.........####..
.$................ ...


You could see an endoplasm, a hobgoblin, a ball python and a frilled lizard.

Vanquished Creatures
  An endoplasm (D:1)
  A goblin (D:1)
  A hobgoblin (D:1)
  A kobold (D:1)
  A quokka (D:1)
  2 ball pythons (D:1)
  A bat (D:1)
  2 rats (D:1)
10 creatures vanquished.

Notes
Turn   | Place    | Note
-------+----------+-------------------------------------------
     0 | D:1      | James the Spriggan Fighter began the quest for the Orb.
     0 | D:1      | Reached XP level 1. HP: 11/11 MP: 2/2
   129 | D:1      | Reached XP level 2. HP: 13/16 MP: 3/3
   181 | D:1      | Slain by a hobgoblin

Illustrated notes

Levels and vault maps discovered:
D:1:      heliophobic_arrival_ceremonial_halls, layout_rooms, serial_shops,
          nicolae_shop_statue_plus

Skill      XL: |  1 |
---------------+----+-----
Short Blades   | 3 |  3.1
Fighting       | |  2.4
Dodging        | |  4.0
Shields        | |  2.1

Action                     || total
---------------------------++-------
  Melee: Rapier            ||    37
 Armour: Robe              ||    16
  Dodge: Dodged            ||    43

Table legend: (Time is in decaauts)
 A = Elapsed time spent in this place.
 B = Non-inter-level travel time spent in this place.
 C = Inter-level travel time spent in this place.
 D = Time resting spent in this place.
 E = Time spent auto-exploring this place.
 F = Levels seen in this place.
 G = Mean time per level.
                   A        B        C        D        E       F      G
               +--------+--------+--------+--------+--------+-----+--------+
         Total |    138 |    122 |     16 |     13 |     33 |   1 |  138.0 |
       Dungeon |    138 |    122 |     16 |     13 |     33 |   1 |  138.0 |
               +--------+--------+--------+--------+--------+-----+--------+

Top non-repeatable levels by time:
     D:1: 138 daAuts
